 Dungeon Crawl Stone Soup version 0.31-a0-845-g9abc20d24f (webtiles) character file.

Game seed: 16899968909479690859

4 subawu the Ruffian (level 1, -1/17 HPs)
             Began as a Gnoll Shapeshifter on Oct 2, 2023.
             Slain by Terence
             ... wielding a +0 hand axe
              (4 damage)
             ... on level 2 of the Dungeon.
             The game lasted 00:00:26 (78 turns).

subawu the Ruffian (Gnoll Shapeshifter)               Turns: 78, Time: 00:00:27

Health: -1/17      AC:  2    Str: 13    XL:     1   Next: 70%
Magic:  1/1        EV: 12    Int:  9    God:
Gold:   28         SH:  3    Dex: 11    Spells: 0/0 levels left

rFire   . .          .
                       - Unarmed
rCold   . . .        e - +0 buckler
rNeg    . . .        a - +0 animal skin
rPois   .            (helmet currently unavailable)
rElec   .            (cloak currently unavailable)
rCorr   .            (gloves currently unavailable)
SInv    .            (boots currently unavailable)
Will    .....        (no amulet)
Stlth   +            (no ring)
HPRegen 0.22/turn    (no ring)
MPRegen 0.07/turn

%: no passive effects
@: beast-form
A: beast (slay +3), fangs 1, strong nose, distributed training
a: Begin Untransformation


You were on level 2 of the Dungeon.
You were a hulking beast.
You visited 1 branch of the dungeon, and saw 2 of its levels.

You collected 28 gold pieces.

Inventory:

Armour
 a - a +0 animal skin (worn)
 e - a +0 buckler (worn)
Talismans
 c - a beast talisman (active)
 d - a flux talisman
Scrolls
 f - a scroll of fear {unknown}
Potions
 b - a potion of lignification


   Skills:
 + Level 2.4 Fighting
 + Level 0.1 Short Blades
 + Level 0.1 Long Blades
 + Level 0.1 Axes
 + Level 0.1 Maces & Flails
 + Level 0.1 Polearms
 + Level 0.1 Staves
 + Level 0.1 Ranged Weapons
 + Level 0.1 Throwing
 + Level 0.1 Armour
 + Level 4.4 Dodging
 + Level 0.1 Stealth
 + Level 0.1 Shields
 + Level 6.4 Unarmed Combat
 + Level 0.1 Spellcasting
 + Level 0.1 Conjurations
 + Level 0.1 Hexes
 + Level 0.1 Summonings
 + Level 0.1 Necromancy
 + Level 0.1 Translocations
 + Level 0.1 Transmutations
 + Level 0.1 Fire Magic
 + Level 0.1 Ice Magic
 + Level 0.1 Air Magic
 + Level 0.1 Earth Magic
 + Level 0.1 Poison Magic
 + Level 0.2 Invocations
 + Level 0.1 Evocations
 + Level 6.4 Shapeshifting


You couldn't memorise any spells.
You didn't know any spells.
Your spell library was empty.

Dungeon Overview and Level Annotations

Branches:
Dungeon (2/15)

Altars:

Annotations:
D:2 Terence


Innate Abilities, Weirdness & Mutations

You are a hulking beast.
Your limbs bulge with bestial killing power. (Slay +3)
You have very sharp teeth.
Your uncanny sense of smell can sniff out nearby items.
Your experience applies equally to all skills.


Message History

The kobold throws a stone.
The stone barely misses you. The kobold hits you with a +0 dagger.
You hit the kobold.
You kill the kobold!
Things that are here:
a +0 dagger; 5 stones
Things that are here:
a +0 dagger; 5 stones You now have 12 gold pieces.
Terence shouts!
You hear a shout!
You see here 16 gold pieces.
You now have 28 gold pieces (gained 16).
A kobold comes into view. It is wielding a +0 short sword.
Terence barely misses you.
You barely miss Terence. Your bite misses Terence.
Terence hits you with a +0 hand axe.
You closely miss Terence. Terence hits you with a +0 hand axe.
You punch Terence!
Terence is heavily wounded.
Terence hits you with a +0 hand axe.
* * * LOW HITPOINT WARNING * * *
You hit Terence but do no damage.
Terence is heavily wounded.
You block Terence's attack.
You hit Terence but do no damage.
Terence is heavily wounded.
Terence barely misses you.
You hit Terence but do no damage.
Terence is heavily wounded.
You block Terence's attack.
You punch Terence!
Terence is almost dead.
Terence hits you but does no damage.
You hit Terence but do no damage.
Terence is almost dead.
The kobold closely misses you.
You barely miss Terence.
Terence is almost dead.
Terence hits you with a +0 hand axe.
You die...

.P~~~~~@~~~~~P..# # ##
~~≈≈≈.~≈≈.~~≈~. .# ##.~
#~~~#~~≈#≈≈≈# ..##
#~~~###.###.###.####....
#~...#...#...#...#...###
#......)................
#....................#
+......@K............#
#......h.............#
#....#...#...#...#...#
##~.###.###.###.####.#
#~~ #~≈≈#~≈~#~~≈# .#
##~~~≈~~.≈≈~.≈≈≈.. #
#.#~.~~~~~~~~~~~
##..#.~~~~~~~~~~# ##.
#P....... ## ...#.


You could see Terence and a kobold.

Vanquished Creatures
  A worm (D:2)
  A frilled lizard (D:2)
  A kobold (D:2)
3 creatures vanquished.

Notes
Turn   | Place    | Note
-------+----------+-------------------------------------------
     0 | D:1      | subawu the Gnoll Shapeshifter began the quest for the Orb.
     0 | D:1      | Reached XP level 1. HP: 17/17 MP: 1/1
    42 | D:2      | Noticed Terence
    78 | D:2      | Slain by Terence

Illustrated notes

Levels and vault maps discovered:
D:1:      ebering_trefoil_twist, layout_rooms,
          hellmonk_ecumenical_altar_lost_god, kennysheep_minor_cross
D:2:      wad_lake_hut, layout_basic, uniq_terence

Action                     || total
---------------------------++-------
  Melee: Unarmed           ||    18
         Bite              ||     1
 Armour: Animal skin       ||     8
  Dodge: Dodged            ||     8
  Block: Buckler           ||     2

Table legend: (Time is in decaauts)
 A = Elapsed time spent in this place.
 B = Non-inter-level travel time spent in this place.
 C = Inter-level travel time spent in this place.
 D = Time resting spent in this place.
 E = Time spent auto-exploring this place.
 F = Levels seen in this place.
 G = Mean time per level.
                   A        B        C        D        E       F      G
               +--------+--------+--------+--------+--------+-----+--------+
         Total |     76 |     76 |      0 |      0 |      6 |   2 |   38.0 |
       Dungeon |     76 |     76 |      0 |      0 |      6 |   2 |   38.0 |
               +--------+--------+--------+--------+--------+-----+--------+

Top non-repeatable levels by time:
     D:2: 64 daAuts
     D:1: 12 daAuts
